 Dungeon Crawl Stone Soup version 0.30-b1-2-g02819fbbbe (webtiles) character file.

Game seed: 1798166434238057632

6186932 greedy the Ecstatic (level 27, 249/265 HPs)
             Began as a Demonspawn Artificer on Nov 4, 2023.
             Was an Initiate of Uskayaw.
             Escaped with the Orb
             ... and 10 runes on Nov 10, 2023!
             The game lasted 12:37:29 (125773 turns).

greedy the Ecstatic (Demonspawn Artificer)        Turns: 125773, Time: 12:37:29

Health: 249/265    AC: 29    Str: 13    XL:     27
Magic:  42/42      EV: 24    Int: 27    God:    Uskayaw [......]
Gold:   9141       SH:  0    Dex: 24    Spells: 19/56 levels left

rFire   + + +        U - +7 great mace "Firestarter" {flame, immolate, rFlCloud rF++}
rCold   + + .        (shield currently unavailable)
rNeg    + + +        S - +2 ice dragon scales "Dota" {rElec rF- rC++ Will+ Int+4}
rPois   +            Q - +2 hat {Stlth+}
rElec   +            G - +3 cloak "Weosk" {Stlth+}
rCorr   .            p - +0 pair of fencer's gloves {Riposte Dex+3}
SInv    +            (boots unavailable)
Will    +++++        y - amulet of Jeaphaata {Spirit rN++ Dex+2}
Stlth   +++          q - ring of Duwnes {Contam rF++ Will+ EV+5}
HPRegen 0.64/turn    f - ring "Wogguipn" {Wiz rN+ Will+ SInv}
MPRegen 0.56/turn

%: guardian spirit, wizardry (x1)
@: no status effects
A: hooves 3, slimy green scales 3, robust 3, magic shield, magic regeneration,
magic link, demonic magic 3, beak, see invisible, agile 1, deterioration 1,
MP-powered wands
0: Orb of Zot
}: 10/15 runes: barnacled, slimy, silver, abyssal, demonic, glowing, magical,
fiery, dark, gossamer
a: Renounce Religion


You escaped.
You worshipped Uskayaw.
Uskayaw was extremely pleased with you.
You visited 13 branches of the dungeon, and saw 57 of its levels.
You visited Pandemonium 1 time, and saw 16 of its levels.
You visited the Abyss 3 times.
You also visited: Trove, Bailey, Gauntlet and Ice Cave.

You collected 11601 gold pieces.
You spent 2460 gold pieces at shops.

Inventory:

Hand Weapons
 L - the +7 Spriggan's Knife {stab, EV+4 Stlth+}
   (You bought it in a shop on level 2 of the Orcish Mines)

   Stab:      It is more effective when stabbing unaware enemies, sometimes
   treating them as though they were completely helpless.
   EV:        It affects your evasion (+4).
   Stlth:     It makes you more stealthy.
 M - the +6 sword of Cerebov {flame}
   (You took it off Cerebov in Pandemonium)
 T - a +2 triple crossbow of electrocution
 U - the +7 great mace "Firestarter" (weapon) {flame, immolate, rFlCloud rF++}
   (You found it on level 1 of the Vaults)

   rFlCloud:  It grants immunity to clouds of flame.
   rF:        It greatly protects you from fire.
Missiles
 e - 10 throwing nets (quivered)
Armour
 p - the +0 pair of fencer's gloves (worn) {Riposte Dex+3}
   (You found it on level 12 of the Dungeon)

   Riposte:   It allows the wearer to riposte with melee weapons, swiftly
   retaliating against missed or blocked melee attacks.
   Dex:       It affects your dexterity (+3).
 D - the +2 hat of Buretwus {SInv}
   (You found it in Pandemonium)

   SInv:      It lets you see invisible.
 G - the +3 cloak "Weosk" (worn) {Stlth+}
   (You found it on level 3 of the Depths)

   Stlth:     It makes you more stealthy.
 Q - a +2 hat of stealth (worn)
 S - the +2 ice dragon scales "Dota" (worn) {rElec rF- rC++ Will+ Int+4}
   (You found it on level 2 of the Depths)

   Int:       It affects your intelligence (+4).
   rF:        It makes you vulnerable to fire.
   rC:        It greatly protects you from cold.
   rElec:     It insulates you from electricity.
   Will:      It increases your willpower.
Jewellery
 f - the ring "Wogguipn" (right hand) {Wiz rN+ Will+ SInv}
   (You found it in a treasure trove)

   [ring of wizardry]

   It improves your spell success rate.
   rN:        It protects you from negative energy.
   SInv:      It lets you see invisible.
   Will:      It increases your willpower.
 q - the ring of Duwnes (left hand) {Contam rF++ Will+ EV+5}
   (You found it on level 12 of the Dungeon)

   [ring of evasion]

   EV:        It affects your evasion (+5).
   rF:        It greatly protects you from fire.
   Contam:    It causes magical contamination when unequipped.
   Will:      It increases your willpower.
 y - the amulet of Jeaphaata (around neck) {Spirit rN++ Dex+2}
   (You found it on level 3 of the Dungeon)

   [amulet of guardian spirit]

   It causes incoming damage to be divided between your reserves of health and
   magic.
   Dex:       It affects your dexterity (+2).
   rN:        It greatly protects you from negative energy.
 P - the ring "Ycrecwi" {rElec rPois Dex+3 SInv}
   (You found it on level 4 of the Realm of Zot)

   [ring of poison resistance]

   Dex:       It affects your dexterity (+3).
   rElec:     It insulates you from electricity.
   rPois:     It protects you from poison.
   SInv:      It lets you see invisible.
 Z - the ring "Piecaj" {+Blink rF+ rC+}
   (You found it in Pandemonium)

   [ring of protection from fire]

   rF:        It protects you from fire.
   rC:        It protects you from cold.
   +Blink:    It lets you blink.
Wands
 c - a wand of flame (161)
 d - a wand of iceblast (66)
 h - a wand of mindburst (33)
 x - a wand of charming (68)
 B - a wand of light (22)
 I - a wand of digging (56)
 R - a wand of polymorph (48)
Scrolls
 b - 3 scrolls of blinking
 i - 28 scrolls of teleportation
 j - 4 scrolls of brand weapon
 k - 5 scrolls of silence
 m - 8 scrolls of magic mapping
 n - 10 scrolls of enchant armour
 A - 15 scrolls of enchant weapon
 C - 4 scrolls of amnesia
 H - 19 scrolls of fog
 N - 3 scrolls of butterflies
 O - 2 scrolls of fear
 V - 14 scrolls of poison
Potions
 g - 4 potions of magic
 l - 8 potions of resistance
 o - 8 potions of flight
 r - 7 potions of heal wounds
 s - 10 potions of cancellation
 t - 9 potions of lignification
 u - 15 potions of might
 v - 15 potions of brilliance
 w - 31 potions of curing
 z - a potion of mutation
 E - 11 potions of berserk rage
 F - 3 potions of ambrosia
 K - 9 potions of haste
 X - 7 potions of invisibility
 Y - 17 potions of attraction
Miscellaneous
 a - a phial of floods
 J - a box of beasts
 W - a phantom mirror


   Skills:
 - Level 14.0 Fighting
 - Level 12.0 Short Blades
 - Level 25.0 Maces & Flails
 - Level 14.1 Armour
 - Level 15.5 Dodging
 - Level 16.0 Stealth
 - Level 15.2 Spellcasting
 - Level 7.7 Conjurations
 - Level 8.0 Summonings
 - Level 10.8 Necromancy
 - Level 11.5 Translocations
 + Level 14.1 Fire Magic
 - Level 7.5 Ice Magic
 + Level 15.6 Air Magic
 - Level 9.0 Earth Magic
 - Level 25.1 Invocations
 - Level 15.3 Evocations


You had 19 spell levels left.
You knew the following spells:

 Your Spells              Type           Power      Damage    Failure   Level
a - Beastly Appendage     Tmut           40%        N/A       4%          1
b - Manifold Assault      Tloc           70%        N/A       1%          4
c - Sticky Flame          Conj/Fire      68%        2d8       1%          4
d - Flame Wave            Conj/Fire      68%        2d15      1%          4
e - Summon Ice Beast      Ice/Summ       58%        N/A       1%          4
f - Gell's Gravitas       Tloc           70%        N/A       1%          3
g - Iskenderun's Mystic   Conj/Tloc      64%        2d13      1%          4
h - Blink                 Tloc           100%       N/A       1%          2
i - Borgnjor's Vile Clut  Necr/Erth      32%        N/A       1%          5
j - Plasma Beam           Fire/Air       39%        2x1d58    1%          6

Your spell library contained the following spells:

 Spells                   Type           Power      Damage    Failure   Level
 Apportation              Tloc           100%       N/A       1%          1
 Kiss of Death            Conj/Necr      100%       2d13      1%          1
 Magic Dart               Conj           100%       1d8       1%          1
 Necrotise                Necr           100%       1d9       1%          1
 Sandblast                Erth           100%       2d20      1%          1
 Shock                    Conj/Air       100%       1d9       1%          1
 Summon Small Mammal      Summ           100%       N/A       1%          1
 Call Imp                 Summ           100%       N/A       1%          2
 Cigotuvi's Dreadful Rot  Necr/Pois/Air  100%       N/A       1%          2
 Ensorcelled Hibernation  Hex/Ice        80%        N/A       1%          2
 Lesser Beckoning         Tloc           100%       N/A       1%          2
 Momentum Strike          Conj/Tloc      100%       3d10      1%          2
 Passwall                 Tmut/Erth      36%        N/A       1%          2
 Poisonous Vapours        Pois/Air       100%       N/A       1%          2
 Scorch                   Fire           100%       2d9       1%          2
 Static Discharge         Conj/Air       100%       2-7/arc   1%          2
 Sublimation of Blood     Necr           68%        N/A       1%          2
 Call Canine Familiar     Summ           59%        N/A       1%          3
 Frozen Ramparts          Ice            100%       1d16      1%          3
 Hailstorm                Conj/Ice       58%        3d13      1%          3
 Ignite Poison            Fire/Tmut/Pois 46%        N/A       1%          3
 Inner Flame              Hex/Fire       56%        N/A       1%          3
 Mephitic Cloud           Conj/Pois/Air  58%        N/A       1%          3
 Portal Projectile        Hex/Tloc       100%       N/A       1%          3
 Stone Arrow              Conj/Erth      100%       3d13      1%          3
 Swiftness                Air            81%        N/A       1%          3
 Teleport Other           Tloc           70%        N/A       1%          3
 Vampiric Draining        Necr           68%        2d10      1%          3
 Vhi's Electric Charge    Tloc/Air       100%       N/A       1%          3
 Volatile Blastmotes      Fire/Tloc      100%       2d18      1%          3
 Airstrike                Air            40%        2d(6-22)  1%          4
 Animate Armour           Summ/Erth      100%       N/A       1%          4
 Animate Dead             Necr           68%        N/A       1%          4
 Dispel Undead            Necr           68%        3d23      1%          4
 Passage of Golubria      Tloc           70%        N/A       1%          4
 Summon Lightning Spire   Summ/Air       71%        N/A       1%          4
 Agony                    Necr           68%        N/A       1%          5
 Arcjolt                  Conj/Air       35%        1d45      1%          5
 Fireball                 Conj/Fire      34%        3d14      1%          5
 Freezing Cloud           Conj/Ice/Air   33%        6-21      1%          5
 Dazzling Flash           Conj/Hex       82%        N/A       2%          3
 Lee's Rapid Deconstruct  Erth           31%        3d16*     2%          5
 Slow                     Hex            80%        N/A       4%          1
 Sting                    Tmut/Pois      80%        1d7       4%          1
 Anguish                  Hex/Necr       24%        N/A       4%          4
 Iskenderun's Battlesphe  Conj           58%        2d11      4%          5
 Silence                  Hex/Air        29%        N/A       4%          5
 Conjure Ball Lightning   Conj/Air       35%        3x3d11    4%          6
 Dispersal                Tloc           35%        N/A       5%          6
 Wereblood                Tmut           20%        N/A       6%          2
 Leda's Liquefaction      Hex/Erth       22%        N/A       6%          4
 Petrify                  Tmut/Erth      44%        N/A       6%          4
 Starburst                Conj/Fire      34%        6d10      6%          6
 Death Channel            Necr           34%        N/A       7%          6
 Fulminant Prism          Conj/Hex       20%        3d12      8%          4
 Ice Form                 Ice/Tmut       40%        N/A       9%          4
 Confusing Touch          Hex            20%        N/A       12%         3
 Spider Form              Tmut/Pois      20%        N/A       12%         3
 Tukima's Dance           Hex            20%        N/A       12%         3
 Simulacrum               Ice/Necr       31%        N/A       14%         6
 Iron Shot                Conj/Erth      30%        9d6       19%         6
 Irradiate                Conj/Tmut      20%        3d18      21%         5
 Summon Mana Viper        Hex/Summ       42%        N/A       21%         5
 Metabolic Englaciation   Hex/Ice        20%        N/A       22%         5
 Cause Fear               Hex            10%        N/A       34%         4
 Olgreb's Toxic Radiance  Pois           20%        N/A       34%         4
 Malign Gateway           Summ/Tloc      32%        N/A       47%         7
 Haunt                    Necr/Summ      31%        N/A       52%         7
 Ignition                 Fire           38%        3d11      56%         8
 Statue Form              Tmut/Erth      29%        N/A       65%         6
 Alistair's Intoxication  Tmut/Pois      13%        N/A       69%         5
 Blade Hands              Tmut           10%        N/A       69%         5
 Yara's Violent Unravell  Hex/Tmut       10%        3d6       69%         5
 Monstrous Menagerie      Summ           29%        N/A       73%         7
 Summon Hydra             Summ           29%        N/A       73%         7
 Orb of Destruction       Conj           29%        9d9       75%         7
 Storm Form               Tmut/Air       29%        N/A       75%         7
 Ozocubu's Refrigeration  Ice            28%        4d13      80%         7
 Disjunction              Tloc           35%        N/A       89%         8
 Borgnjor's Revivificati  Necr           34%        N/A       95%         8
 Infestation              Necr           34%        N/A       95%         8
 Eringya's Noxious Bog    Tmut/Pois      10%        N/A       99%         6
 Dragon Form              Tmut           10%        N/A       100%        7
 Enfeeble                 Hex            10%        N/A       100%        7
 Discord                  Hex            10%        N/A       100%        8
 Lehudib's Crystal Spear  Conj/Erth      30%        10d8      100%        8
 Necromutation            Tmut/Necr      24%        N/A       100%        8
 Death's Door             Necr           34%        N/A       100%        9
 Dragon's Call            Summ           29%        N/A       100%        9
 Fire Storm               Conj/Fire      34%        8d9       100%        9
 Polar Vortex             Ice            28%        N/A       100%        9


Dungeon Overview and Level Annotations

Branches:
Dungeon (15/15)            Temple (1/1) D:5            Lair (5/5) D:11
 Shoals (4/4) Lair:2       Spider (4/4) Lair:2        Slime (5/5) Lair:4
    Orc (2/2) D:9             Elf (3/3) Orc:2        Vaults (5/5) D:13
  Crypt (3/3) Vaults:2       Tomb (0/3) Crypt:3      Depths (4/4) D:15
   Hell (visited)             Zot (5/5) Depths:4     Bailey (visited)
  IceCv (visited)         Gauntlet (visited)
    Dis: Hell:1         Geh: Hell:1         Coc: Hell:1         Tar: Hell:1

Altars:
Ashenzari
Fedhas
Hepliaklqana
Kikubaaqudgha
Makhleb
Nemelex Xobeh
Okawaru
Qazlal
Ru
Sif Muna
Trog
Uskayaw
Vehumet
Wu Jian
Xom
Yredelemnul
Jiyva

Shops:
Orc:2 :(*[   Depths:2 [   Depths:4 [*[

Portals:
Hell: Depths:1 Depths:2 Depths:3 Depths:4
Abyss: Depths:2 Depths:3 Depths:4
Pandemonium: Depths:2
Ziggurat: Depths:2

Annotations:
D:4 1 runed translucent door, Crazy Yiuf
D:10 Snorg
D:14 1 runed translucent door
Shoals:1 exclusion: kraken
Spider:3 Roxanne
Depths:1 1 runed translucent door, exclusion: orange crystal statue
Hell Geryon


Innate Abilities, Weirdness & Mutations

You have hooves in place of feet.
You are completely covered in slimy green scales. (AC +4, rPois)
You are extremely robust. (+30% HP)
When hurt, damage is shared between your health and your magic reserves.
You regenerate magic rapidly.
When low on magic, you restore magic in place of health.
Spells you cast and wands you use may paralyse nearby enemies.
You have a beak for a mouth.
You have supernaturally acute eyesight. (SInv)
You are agile. (Dex +4, Str/Int -1)
Your body sometimes deteriorates upon taking damage.
You expend magic power (3 MP) to strengthen your wands.


Message History

The zombie hands constrict the angel.
The angel hits you but does no damage. The angel closely misses you.
Unknown command.
You stomp with the beat, sending a shockwave through the revellers around you!
You kill the angel!
You can no longer stomp with the beat.
There is a stone staircase leading up here.
(D) Dungeon (T) Temple (L) Lair (A) Shoals (N) Spider Nest (M) Slime Pits (O) Orcish Mines (E) Elven Halls (V) Vaults (C) Crypt (W) Tomb (U) Depths (H) Hell (Z) Zot
Where to? (Enter - D:1 @ (x,y), ? - help)
You climb upwards.
There is a stone staircase leading down here.
You enter the shallow water.
Moving in this stuff is going to be slow.
There is a stone staircase leading up here.
You climb upwards.
Level annotation: 1 runed translucent door, Crazy Yiuf
There is a stone staircase leading down here.
Magic restored.
There is a stone staircase leading up, spattered with blood here.
You climb upwards.
There is a stone staircase leading down here.
There is a stone staircase leading up here.
You climb upwards.
There is a stone staircase leading down here.
There is a stone staircase leading up here.
You climb upwards.
There is a stone staircase leading down here.
There is a staircase leading out of the dungeon here.
(D) Dungeon (T) Temple (L) Lair (A) Shoals (N) Spider Nest (M) Slime Pits (O) Orcish Mines (E) Elven Halls (V) Vaults (C) Crypt (W) Tomb (U) Depths (H) Hell (Z) Zot
Where to? (Enter - D:1 @ (x,y), ? - help)
What level of the Dungeon? (default 1, ? - help)
Okay, then.
You can't go down here!
You have escaped!

#.##.......# #.... #.##.......#
###.#
#############.##...#...#####.#
#.........................##.#
#.#####.#####.#####.#####.##..
#..###...###...###...###..###.
#...#.....#.....#.....#.....).
#....#####.......#####....##..
####.....###....@....###.........
...>......#...........#.....###.#
.####......#####.#####.....####.#
.# #.......###...###...........#
.# ####.....#.....#.....########
## ##.....#####.....## ###
##.....###......# #..
#####.....#.......#######.#
#######.......................#.#


There were no monsters in sight!

Vanquished Creatures
  Cerebov (Pan)
  the Royal Jelly (Slime:5)
  Gloorx Vloq (Pan)
  Ignacio (Pan)
  Mnoleg (Pan)
  Lom Lobon (Pan)
  A seraph (Pan)
  2 dread liches
  An ancient lich (Zot:5)
  3 orbs of fire
  Mara (Elf:3)
  Mennas (Vaults:2)
  A juggernaut (Abyss:3)
  Parghit (Zot:4)
  A royal mummy (Crypt:3)
  11 Killer Klowns
  Saint Roka (Crypt:3)
  17 golden dragons
  9 Brimstone Fiends (Pan)
  Arachne (Spider:4)
  A bone dragon (Abyss:3)
  A pearl dragon (Pan)
  9 pandemonium lords
  10 Tzitzimimeh
  2 electric golems (Zot:5)
  A hellephant (D:12)
  14 tentacled monstrosities
  7 Ice Fiends
  Mlioglotl (Spider:4)
  9 Hell Sentinels (Pan)
  2 deep elf blademasters
  4 liches
  2 walking divine tomes (Depths:3)
  26 Orb Guardians
  2 walking frostbound tomes
  9 titans
  A deep elf master archer (Elf:3)
  Frances (Shoals:2)
  2 ancient champions (Crypt:2)
  Polyphemus (Shoals:2)
  9 quicksilver dragons
  4 sphinxes
  28 acid blobs
  Gastronok (D:9)
  3 tentacled starspawn (Abyss:3)
  6 death cobs
  A kraken (Shoals:2)
  28 Executioners (Pan)
  Donald (Vaults:2)
  16 daevas (Pan)
  10 azure jellies
  15 storm dragons
  The ghost of Termiter the Necromancer, an adept DsNe of Nemelex Xobeh (Spider:4)
  3 tengu reavers
  4 revenants
  10 fire giants
  9 shadow dragons
  4 frost giants
  4 draconian monks
  11 rockslimes
  7 demonspawn warmongers (Pan)
  3 iron dragons
  23 vault wardens
  4 deep elf sorcerers
  6 draconian knights
  10 ghost moths
  5 emperor scorpions (Spider:4)
  A juggernaut zombie (Depths:3)
  21 balrugs
  3 draconian shifters
  5 draconian stormcallers
  7 curse skulls
  3 draconian scorchers
  4 war gargoyles
  2 orc warlords
  8 deep elf elementalists
  26 angels
  12 quicksilver oozes
  20 cacodemons (Pan)
  39 very ugly things
  10 demonspawn corrupters (Pan)
  3 ghouls
  11 reapers
  7 draconian annihilators
  A juggernaut skeleton (Pan)
  A spriggan defender (Depths:2)
  9 green draconians
  2 broodmothers
  9 ironbound thunderhulks
  12 stone giants
  32 apis (Pan)
  12 ophanim
  14 ironbound preservers
  2 caustic shrike skeletons (Pan)
  15 black draconians
  9 demonspawn blood saints (Pan)
  8 vampire knights
  22 lorocyprocas (Pan)
  4 deep elf demonologists
  15 deep elf annihilators
  A minotaur (Gauntlet)
  8 starcursed masses
  11 spark wasps
  9 yellow draconians
  14 demonspawn black suns (Pan)
  7 white draconians
  11 dire elephants
  11 purple draconians
  8 red draconians
  22 blizzard demons
  9 deep elf death magi
  8 eidola
  18 green deaths (Pan)
  3 crystal guardians
  4 mummy priests (Crypt:3)
  9 merfolk impalers
  5 merfolk javelineers (Shoals:4)
  10 ettins
  16 yaktaur captains
  Josephine (D:10)
  8 entropy weavers
  4 fire dragons
  8 deep elf high priests
  8 jiangshi
  41 vault guards
  Erolcha (D:12)
  8 ice dragons
  4 hell beasts
  5 ogre magi
  2 spriggan air magi
  An ice dragon (shapeshifter) (Vaults:4)
  15 great orbs of eyes
  A quicksilver dragon skeleton (Pan)
  3 peacekeepers
  13 ironbound frosthearts
  Harold (D:11)
  2 caustic shrike simulacra (IceCv)
  2 death knights
  7 hydras
  3 spriggan skeletons (Pan)
  A jorogumo (Spider:2)
  5 catoblepae
  6 radroaches
  6 centaur warriors
  12 rakshasas
  6 merfolk aquamancers
  3 merfolk avatars
  38 dancing weapons
  7 two-headed ogres
  2 alligator snapping turtles
  10 boulder beetles
  7 deep troll earth magi
  3 satyrs
  14 death yaks
  3 deep troll shamans
  5 tengu warriors
  3 orc high priests (Orc:2)
  2 vampire magi
  4 thrashing horrors (Abyss:3)
  A spriggan berserker (Depths:4)
  6 holy swine (Pan)
  19 deep elf knights
  Sonja (D:11)
  46 soul eaters
  8 hell knights
  69 sun demons (Pan)
  20 skeletal warriors
  6 iron trolls
  2 goliath frogs (Lair:5)
  12 shadow wraiths
  A wretched star (Abyss:3)
  2 pharaoh ants
  A spark wasp zombie (Depths:1)
  2 sun moths (Spider:4)
  A sea snake (shapeshifter) (Elf:2)
  5 sea snakes
  33 sixfirhies (Pan)
  A death drake (shapeshifter) (D:14)
  A salamander mystic (Depths:3)
  47 deep trolls
  17 cherubim
  22 shadow demons
  9 bog bodies
  A storm dragon skeleton (Depths:3)
  6 skysharks
  10 deep elf archers
  8 wizards
  10 glowing orange brains
  10 orb spiders
  11 ironbound convokers
  2 lindwurms (Vaults:2)
  11 necromancers
  2 obsidian statues (IceCv)
  2 steelbarb worms (Spider:1)
  20 deep elf zephyrmancers
  Pikel (D:8)
  18 harpies
  25 wolf spiders
  4 shadow dragon zombies
  10 orc knights
  9 phantasmal warriors
  17 deep elf pyromancers
  An iron dragon zombie (Crypt:2)
  7 orc sorcerers
  14 manticores
  7 fauns (Shoals:2)
  Maurice (D:9)
  6 cyclopes
  An oklob plant (Lair:4)
  24 ugly things
  7 shining eyes
  A guardian serpent (Abyss:3)
  19 moths of wrath
  18 elephants
  13 water nymphs
  A centaur zombie (Abyss:3)
  An eye of devastation (shapeshifter) (Vaults:5)
  2 salamanders (Depths:3)
  3 merfolk sirens
  The ghost of othur the Basher, a novice GrFi of Qazlal (D:7)
  7 rust devils
  3 gargoyles
  A guardian serpent (shapeshifter) (Vaults:5)
  A black mamba (Lair:1)
  24 cane toads
  6 torpor snails
  26 orange demons
  3 eyes of devastation
  An orc zombie (Crypt:2)
  39 demonic crawlers
  An apocalypse crab (Abyss:3)
  16 vault sentinels
  51 smoke demons
  A dire elephant skeleton (Pan)
  Maggie (D:9)
  5 efreet
  3 unseen horrors
  38 large abominations
  5 rime drakes
  An elf skeleton (Vaults:4)
  2 kobold demonologists
  7 hellions (Pan)
  Psyche (D:10)
  4 tengu conjurers
  5 ice devils
  16 komodo dragons
  An unseen horror zombie (Crypt:2)
  10 freezing wraiths
  A hydra zombie (Crypt:3)
  34 yaktaurs
  A purple draconian skeleton (Crypt:3)
  A yaktaur skeleton (Vaults:4)
  An ancient zyme (Abyss:3)
  16 tormentors (Pan)
  6 golden dragon simulacra
  A sea snake skeleton (Crypt:3)
  5 trolls
  2 tyrant leeches (Lair:5)
  5 red devils
  35 hellwings (Pan)
  A polar bear (shapeshifter) (Elf:3)
  An iron troll skeleton (Crypt:3)
  30 guardian mummies (Crypt:3)
  A harpy zombie (Crypt:2)
  A merfolk (shapeshifter) (Depths:3)
  18 merfolk
  16 hornets
  8 harpy skeletons
  4 polar bears
  30 tarantellas
  22 blink frogs
  Prince Ribbit (D:7)
  5 snapping turtles
  6 raiju (Abyss:3)
  A jumping spider zombie (Crypt:3)
  9 wind drakes
  A fire dragon zombie (Crypt:2)
  3 dream sheep (Shoals:3)
  Sigmund (D:4)
  31 jumping spiders
  17 flying skulls (Crypt:3)
  An ice dragon skeleton (Crypt:1)
  A stone giant simulacrum (Depths:1)
  141 slime creatures
  3 spriggans (Depths:3)
  27 culicivoras
  6 air elementals
  A vampire (D:11)
  57 ynoxinuls
  An ettin skeleton (Pan)
  6 wyverns
  A dire elephant simulacrum (IceCv)
  40 yaks
  A small abomination (Abyss:3)
  31 water elementals
  24 golden eyes
  2 centaur simulacra (Gauntlet)
  4 fire elementals
  4 fire bats
  A black mamba skeleton (Pan)
  11 humans
  8 ushabtiu (Crypt:3)
  11 wraiths
  3 basilisks
  Grum (D:9)
  67 redbacks
  2 steam dragons
  37 neqoxecs
  18 vampire mosquitoes
  A harpy simulacrum (Abyss:2)
  4 wargs
  49 chaos spawn
  A swamp worm (shapeshifter) (Vaults:5)
  3 acid dragons
  A hydra simulacrum (IceCv)
  12 water moccasins
  6 hell hounds (D:14)
  5 floating eyes
  Duvessa (D:5)
  A faun skeleton (Crypt:1)
  29 orc warriors
  A glowing shapeshifter skeleton (Depths:1)
  3 naga skeletons
  2 black bears
  A meliai simulacrum (Gauntlet)
  2 ettin simulacra (IceCv)
  3 ice beasts
  An ice dragon simulacrum (Gauntlet)
  An ogre (shapeshifter) (D:12)
  3 sky beasts
  9 wolves
  2 human zombies
  9 ogres
  A blink frog skeleton (Crypt:2)
  A blink frog zombie (Crypt:2)
  4 lemures (D:8)
  A salamander zombie (Crypt:2)
  4 phantoms
  23 bullfrogs
  3 glowing shapeshifter simulacra
  5 earth elementals
  3 necrophages
  A deep troll simulacrum (IceCv)
  A wyvern skeleton (Crypt:1)
  3 scorpions (D:5)
  4 wights (D:8)
  16 killer bees (D:9)
  5 howler monkeys
  6 electric eels (D:10)
  4 hounds
  3 centaur skeletons
  21 orc priests
  2 iron imps (Abyss:3)
  3 jellies
  An iguana (D:5)
  Jessica (D:3)
  Natasha (D:2)
  An iguana (shapeshifter) (Vaults:5)
  19 orc wizards
  A deep dwarf skeleton (Crypt:2)
  7 mummies (Crypt:3)
  6 gnolls
  4 adders
  A steam dragon skeleton (Crypt:1)
  2 shadow imps
  3 white imps
  2 ufetubi
  An adder zombie (D:2)
  An adder skeleton (D:2)
  A lava snake skeleton (Crypt:1)
  A worm (D:2)
  An adder simulacrum (D:2)
  61 orcs
  9 endoplasms
  2 giant cockroaches
  10 goblins
  10 hobgoblins
  4 jackals (D:3)
  4 quokkas
  6 ball pythons
  2 ball python skeletons (Crypt:2)
  A ball python zombie (D:2)
  7 bats
  A dart slug zombie (Crypt:3)
  6 frilled lizards
  A giant cockroach zombie (Crypt:1)
  A goblin skeleton (Crypt:3)
  A goblin zombie (Crypt:3)
  A jackal skeleton (D:2)
  A jackal zombie (D:2)
  10 kobolds
  8 rats
  A rat skeleton (Crypt:3)
  A spectral weapon (Shoals:2)
  A starspawn tentacle (Abyss:3)
  3 tentacles (Shoals:2)
3406 creatures vanquished.

Vanquished Creatures (collateral kills)
  A human (Bailey)
  2 bullfrogs (Bailey)
  A goblin (Bailey)
4 creatures vanquished.

Vanquished Creatures (others)
  An eldritch tentacle (Pan)
  A ghost moth (Zot:4)
  A deep elf elementalist (Elf:2)
  A demonspawn blood saint (Pan)
  A demonspawn black sun (Pan)
  A green death (Pan)
  A jorogumo (Spider:3)
  A deep elf knight (Elf:1)
  A cherub (Abyss:3)
  A wizard (D:9)
  A shining eye (Pan)
  A cane toad (Bailey)
  A culicivora (Spider:4)
  A golden eye (Gauntlet)
  A human (Bailey)
  Dowan (D:5)
  An orc (Orc:2)
  A goblin (D:8)
  3 ball lightnings (Pan)
  5 demonic plants
  20 fungi
  193 plants
  7 starspawn tentacles (Abyss:3)
  9 tentacles (Shoals:2)
  21 withered plants (D:2)
276 creatures vanquished.

Grand Total: 3686 creatures vanquished

Notes
Turn   | Place    | Note
-------+----------+-------------------------------------------
     0 | D:1      | greedy the Demonspawn Artificer began the quest for the
                  | Orb.
     0 | D:1      | Reached XP level 1. HP: 15/15 MP: 1/1
   305 | D:1      | Gained mutation: Spells you cast may paralyse adjacent
                  | enemies. [demonic ancestry]
   305 | D:1      | Reached XP level 2. HP: 15/21 MP: 2/2
   963 | D:2      | Gained mutation: You are partially covered in slimy green
                  | scales. (AC +2) [demonic ancestry]
   963 | D:2      | Reached XP level 3. HP: 19/26 MP: 3/3
   967 | D:2      | Reached skill level 1 in Short Blades
  1017 | D:2      | Found a faded altar of an unknown god.
  1019 | D:2      | You fall into a shaft and drop 2 floors!
  1029 | D:4      | Noticed Sigmund
  1045 | D:4      | Killed Sigmund
  1046 | D:4      | Reached skill level 5 in Evocations
  1046 | D:4      | Gained mutation: You are mostly covered in slimy green
                  | scales. (AC +3) [demonic ancestry]
  1046 | D:4      | Reached XP level 4. HP: 16/32 MP: 4/4
  1046 | D:4      | Reached XP level 5. HP: 18/37 MP: 5/5
  1403 | D:2      | Noticed Natasha
  1554 | D:3      | Noticed Jessica
  1564 | D:3      | Killed Jessica
  1705 | D:3      | Identified the amulet of Jeaphaata {Spirit rN++ Dex+2}
  1857 | D:3      | Gained mutation: Spells you cast may paralyse nearby
                  | enemies. [demonic ancestry]
  1857 | D:3      | Reached XP level 6. HP: 43/43 MP: 6/6
  2343 | D:4      | Found a runed translucent door.
  2344 | D:4      | Noticed Crazy Yiuf
  2752 | D:4      | Found an iron altar of Okawaru.
  3010 | D:4      | Found an ornate altar of the Wu Jian Council.
  3015 | D:4      | Found a shimmering blue altar of Sif Muna.
  3576 | D:2      | Identified the +3 dagger of Arrival {pain, Str+3}
  3598 | D:2      | Killed Natasha
  3729 | D:5      | Entered Level 5 of the Dungeon
  3869 | D:5      | Reached skill level 5 in Short Blades
  3958 | D:5      | Reached XP level 7. HP: 37/48 MP: 4/7
  3961 | D:5      | Learned a level 1 spell: Beastly Appendage
  4007 | D:5      | Noticed Duvessa
  4007 | D:5      | Noticed Dowan
  4139 | D:5      | Found a sparkling altar of Nemelex Xobeh.
  4197 | D:5      | Your ally Dowan died
  4207 | D:5      | Killed Duvessa
  4535 | D:5      | Gained mutation: You have large cloven feet. [demonic
                  | ancestry]
  4535 | D:5      | Reached XP level 8. HP: 54/54 MP: 8/8
  4585 | D:5      | Found a staircase to the Ecumenical Temple.
  4613 | Temple   | Entered the Ecumenical Temple
  4619 | Temple   | Became a worshipper of Uskayaw the Reveller
  4630 | D:5      | Reached * piety under Uskayaw
  4632 | D:5      | Reached ** piety under Uskayaw
  5635 | D:7      | Noticed Prince Ribbit
  5638 | D:7      | Killed Prince Ribbit
  5763 | D:7      | Reached skill level 1 in Dodging
  5763 | D:7      | Reached skill level 1 in Stealth
  5830 | D:7      | Reached *** piety under Uskayaw
  5832 | D:7      | Reached skill level 1 in Invocations
  5843 | D:7      | Gained mutation: You have hoof-like feet. [demonic
                  | ancestry]
  5843 | D:7      | Reached XP level 9. HP: 59/59 MP: 2/10
  6176 | D:7      | Found a runed translucent gate.
  6177 | D:7      | Found a runed translucent gate.
  6177 | D:7      | Found a runed translucent gate.
  6179 | D:7      | Noticed othur's ghost (novice GrFi)
  6240 | D:7      | Learned a level 4 spell: Manifold Assault
  6468 | D:7      | Reached skill level 10 in Short Blades
  6612 | D:7      | Reached skill level 1 in Translocations
  6789 | D:7      | Found a burning altar of Makhleb.
  6988 | D:8      | Found a flagged portal.
  7009 | D:8      | Reached **** piety under Uskayaw
  7047 | Bailey   | Entered a bailey
  7446 | Bailey   | Reached skill level 5 in Invocations
  7569 | Bailey   | Reached skill level 1 in Spellcasting
  7572 | Bailey   | Noticed a cane toad
  7573 | Bailey   | Reached ***** piety under Uskayaw
  7588 | Bailey   | Gained mutation: You are completely covered in slimy green
                  | scales. (AC +4, rPois) [demonic ancestry]
  7588 | Bailey   | Reached XP level 10. HP: 44/65 MP: 8/14
  7588 | Bailey   | Noticed a vault guard
  7601 | Bailey   | Killed a vault guard
  7648 | Bailey   | Noticed a vault guard
  7657 | Bailey   | Killed a vault guard
  7658 | Bailey   | Reached skill level 5 in Translocations
  7805 | D:8      | Noticed Pikel
  7868 | D:8      | Killed Pikel
  8830 | D:9      | Noticed Maurice
  8832 | D:9      | Noticed Grum
  8841 | D:9      | Noticed Maggie
  8843 | D:9      | Killed Maurice
  9047 | D:10     | Entered Level 10 of the Dungeon
  9180 | D:9      | Noticed Gastronok
  9188 | D:9      | Killed Gastronok
  9189 | D:9      | Reached skill level 5 in Spellcasting
  9189 | D:9      | Reached XP level 11. HP: 48/70 MP: 11/18
  9275 | D:9      | Found a staircase to the Orcish Mines.
  9626 | D:9      | Killed Maggie
  9666 | D:9      | Found a bloodstained altar of Trog.
  9668 | D:9      | Noticed a wizard
  9672 | D:9      | Killed a wizard
  9810 | D:9      | Killed Grum
  9861 | D:9      | Noticed a sun demon
  9868 | D:9      | Reached skill level 10 in Invocations
 10324 | D:10     | Noticed Snorg
 10604 | D:10     | Noticed Psyche
 10634 | D:10     | Killed Psyche
 10682 | D:10     | Noticed a two-headed ogre
 10690 | D:10     | Killed a two-headed ogre
 10762 | D:10     | Noticed a two-headed ogre
 10769 | D:10     | Killed a two-headed ogre
 10922 | D:10     | Noticed Josephine
 10930 | D:10     | Killed Josephine
 12037 | D:11     | Noticed Harold
 12301 | D:11     | Reached skill level 5 in Stealth
 12301 | D:11     | Reached XP level 12. HP: 66/81 MP: 15/22
 12312 | D:11     | Reached skill level 5 in Dodging
 12324 | D:11     | Noticed Sonja
 12468 | D:11     | Killed Harold
 12709 | D:11     | Killed Sonja
 12856 | D:11     | Found a staircase to the Lair.
 13051 | Lair:1   | Entered Level 1 of the Lair of Beasts
 14136 | Lair:2   | Noticed a death yak
 14338 | Lair:2   | Noticed a seven-headed hydra
 14344 | Lair:2   | Killed a seven-headed hydra
 14345 | Lair:2   | Reached skill level 5 in Fighting
 14587 | Lair:2   | Found a staircase to the Shoals.
 14609 | Lair:2   | Noticed a death yak
 14634 | Lair:2   | Noticed a catoblepas
 14650 | Lair:2   | Killed a catoblepas
 14691 | Lair:2   | Found a hole to the Spider Nest.
 14963 | Lair:3   | Noticed a death yak
 15018 | Lair:2   | Noticed a catoblepas
 15028 | Lair:2   | Killed a catoblepas
 15031 | Lair:2   | Reached XP level 13. HP: 72/93 MP: 16/23
 15657 | Lair:3   | Identified the +8 chain mail of Summer {Harm rC+}
 16006 | Lair:3   | Identified the +0 leather armour "Daacheun" {rElec rF+ rC+
                  | Dex-3}
 16793 | Lair:4   | Found a staircase to the Slime Pits.
 17366 | Lair:4   | Reached ****** piety under Uskayaw
 17851 | Lair:5   | Entered Level 5 of the Lair of Beasts
 18866 | Lair:5   | Reached XP level 14. HP: 102/104 MP: 8/25
 20140 | Lair:5   | Reached skill level 15 in Invocations
 20388 | Lair:5   | Got the Discursus on Transmutation and the Snake
 21052 | Orc:1    | Entered Level 1 of the Orcish Mines
 21217 | Orc:2    | Entered Level 2 of the Orcish Mines
 21220 | Orc:2    | Found a staircase to the Elven Halls.
 21261 | Orc:1    | Reached skill level 10 in Spellcasting
 22367 | Orc:2    | Noticed an orc warlord
 22540 | Orc:2    | Killed an orc warlord
 23215 | Orc:2    | Reached skill level 10 in Translocations
 23476 | Orc:2    | Found Kavail's General Store.
 23477 | Orc:2    | Found Onutydeps's Book Shop.
 23478 | Orc:2    | Found Jippait's Antique Armour Boutique.
 23478 | Orc:2    | Found Caituac's Antique Weapon Boutique.
 24413 | D:12     | Found the +0 pair of fencer's gloves {Riposte Dex+3}
 24419 | D:12     | Gained mutation: You are robust. (+10% HP) [demonic
                  | ancestry]
 24419 | D:12     | Reached XP level 15. HP: 101/121 MP: 25/29
 24449 | D:12     | Identified the staff of death "Etho Piw" {rF+ rN+ Will+}
 24734 | D:12     | Identified the ring of Duwnes {Contam rF++ Will+ EV+5}
 24794 | D:12     | Noticed Erolcha
 24817 | D:12     | Killed Erolcha
 25153 | D:13     | Identified the +9 trident "Risurchun" {heavy, rElec Int+3}
 25405 | D:13     | Found a broken altar of Ashenzari.
 26675 | Elf:1    | Entered Level 1 of the Elven Halls
 27880 | D:14     | Reached skill level 5 in Armour
 28045 | D:14     | Found a runed translucent door.
 28572 | D:15     | Entered Level 15 of the Dungeon
 28623 | D:15     | Found a gate leading to a gauntlet.
 28632 | Gauntlet | Entered a Gauntlet
 28632 | Gauntlet | Found a transporter.
 28632 | Gauntlet | Found a transporter.
 28632 | Gauntlet | Found a transporter.
 28634 | Gauntlet | Found a transporter.
 28637 | Gauntlet | Found a transporter.
 28638 | Gauntlet | Found a transporter.
 28646 | Gauntlet | Found a transporter.
 28646 | Gauntlet | Found a transporter.
 28647 | Gauntlet | Found a transporter.
 28649 | Gauntlet | Found a transporter.
 28657 | Gauntlet | Found a transporter.
 28659 | Gauntlet | Found a transporter.
 28830 | Gauntlet | Identified the +2 hat of Anaesthesia {-Tele rElec Int+3
                  | SInv}
 28979 | Gauntlet | Identified the +0 leather armour of Miapnar {Rampage +Blink
                  | rPois rC+}
 29087 | D:15     | Found a frozen archway.
 29113 | IceCv    | Entered an ice cave
 29160 | IceCv    | Reached skill level 10 in Stealth
 29580 | IceCv    | Reached skill level 10 in Dodging
 29797 | IceCv    | Reached XP level 16. HP: 124/128 MP: 30/30
 29947 | IceCv    | Noticed an Ice Fiend
 29956 | IceCv    | Killed an Ice Fiend
 30566 | Orc:2    | Bought the +7 Spriggan's Knife {stab, EV+4 Stlth+} for 2289
                  | gold pieces
 30566 | Orc:2    | Found the +7 Spriggan's Knife {stab, EV+4 Stlth+}
 30812 | D:15     | Found a staircase to the Depths.
 31658 | Spider:1 | Entered Level 1 of the Spider Nest
 35229 | Depths:1 | Entered Level 1 of the Depths
 35884 | Spider:3 | Identified Roxanne's Lectures on Topomancy
 35884 | Spider:3 | Noticed Roxanne
 36221 | Spider:3 | Reached XP level 17. HP: 133/136 MP: 22/31
 37194 | Spider:4 | Entered Level 4 of the Spider Nest
 37245 | Spider:3 | Gained mutation: You occasionally shout uncontrollably at
                  | your foes. [mutagenic glow]
 37942 | Shoals:1 | Entered Level 1 of the Shoals
 38391 | Shoals:1 | Learned a level 4 spell: Sticky Flame
 38410 | Shoals:1 | Noticed a kraken
 38634 | Shoals:1 | Reached skill level 1 in Conjurations
 38665 | Shoals:1 | Reached skill level 1 in Fire Magic
 40179 | Spider:4 | Noticed Arachne
 40510 | Spider:4 | Found a runed translucent door.
 40511 | Spider:4 | Noticed Termiter's ghost (adept DsNe)
 40550 | Spider:4 | Killed Termiter's ghost
 41427 | Spider:4 | Reached skill level 5 in Conjurations
 41702 | Spider:4 | Noticed Mlioglotl
 41706 | Spider:4 | Killed Mlioglotl
 41707 | Spider:4 | Reached skill level 5 in Fire Magic
 41837 | Spider:4 | Killed Arachne
 42147 | Spider:4 | Got a gossamer rune of Zot
 43284 | D:7      | Killed othur's ghost
 43912 | Spider:3 | Learned a level 4 spell: Flame Wave
 44727 | Shoals:1 | Lost mutation: You occasionally shout uncontrollably at
                  | your foes. [potion of mutation]
 44727 | Shoals:1 | Gained mutation: You possess an exceptional clarity of
                  | mind. [potion of mutation]
 44727 | Shoals:1 | Gained mutation: You are dopey. (Int -2) [potion of
                  | mutation]
 44727 | Shoals:1 | Gained mutation: You are occasionally teleported next to
                  | monsters. [potion of mutation]
 45787 | Shoals:2 | Identified the +1 ring mail of the Amoeba {rN+ Str+5}
 45811 | Shoals:2 | Noticed Polyphemus
 45873 | Shoals:2 | Noticed Frances
 45873 | Shoals:2 | Noticed a kraken
 45877 | Shoals:2 | Killed Frances
 45878 | Shoals:2 | Reached XP level 18. HP: 145/145 MP: 2/32
 46006 | Shoals:1 | Learned a level 4 spell: Summon Ice Beast
 46057 | Shoals:2 | Reached skill level 1 in Summonings
 47034 | Shoals:2 | Reached skill level 5 in Summonings
 47072 | Shoals:1 | Lost mutation: You possess an exceptional clarity of mind.
                  | [potion of mutation]
 47072 | Shoals:1 | Lost mutation: You are dopey. (Int -2) [potion of mutation]
 47072 | Shoals:1 | Gained mutation: Your magical capacity is low. (-10% MP)
                  | [potion of mutation]
 47072 | Shoals:1 | Gained mutation: Your movements are slightly less
                  | encumbered by armour. (ER -2) [potion of mutation]
 47073 | Shoals:1 | Lost mutation: You are occasionally teleported next to
                  | monsters. [potion of mutation]
 47073 | Shoals:1 | Lost mutation: Your magical capacity is low. (-10% MP)
                  | [potion of mutation]
 47073 | Shoals:1 | Gained mutation: You are dopey. (Int -2) [potion of
                  | mutation]
 47304 | Shoals:2 | Killed Polyphemus
 47305 | Shoals:2 | Reached skill level 1 in Ice Magic
 47544 | Shoals:3 | Learned a level 3 spell: Gell's Gravitas
 47549 | Shoals:3 | Learned a level 4 spell: Iskenderun's Mystic Blast
 47710 | Shoals:4 | Entered Level 4 of the Shoals
 49272 | Shoals:4 | Paralysed by an air elemental for 1 turns
 49817 | Shoals:4 | Reached skill level 5 in Ice Magic
 50746 | Shoals:4 | Got a barnacled rune of Zot
 50760 | Shoals:4 | Identified the staff of death "Wotogynn" {rN+ rCorr Str+3
                  | Int+2}
 51684 | Depths:1 | Noticed a lich
 51703 | Depths:1 | Found a gateway to Hell.
 52106 | D:13     | Found a gate to the Vaults.
 52206 | Vaults:1 | Entered Level 1 of the Vaults
 52373 | Vaults:1 | Gained mutation: Spells you cast and wands you use may
                  | paralyse nearby enemies. [demonic ancestry]
 52373 | Vaults:1 | Reached XP level 19. HP: 141/151 MP: 26/33
 52908 | Vaults:1 | Found a transporter.
 52951 | Vaults:1 | Found a transporter.
 52951 | Vaults:1 | Found the +7 great mace "Firestarter" {flame, immolate,
                  | rFlCloud rF++}
 53054 | Vaults:1 | Identified the ring "Enerimn" {Str+3 Dex+6}
 53074 | Vaults:1 | Identified the ring of Biulezai {Wiz Drain +Blink rN+
                  | Int+3}
 53796 | Vaults:2 | Reached skill level 1 in Maces & Flails
 54257 | Vaults:2 | Got the Precepts of Spellbinding and Resurrection
 54517 | Vaults:2 | Found a staircase to the Crypt.
 54517 | Vaults:2 | Found a basalt altar of Yredelemnul.
 54518 | Vaults:2 | Found an ancient bone altar of Kikubaaqudgha.
 54945 | Vaults:2 | Noticed Donald
 54971 | Vaults:2 | Killed Donald
 55215 | Vaults:2 | Reached skill level 5 in Maces & Flails
 57289 | Vaults:3 | Reached skill level 10 in Maces & Flails
 57293 | Vaults:3 | Gained mutation: You regenerate magic rapidly. [demonic
                  | ancestry]
 57293 | Vaults:3 | Reached XP level 20. HP: 92/159 MP: 12/34
 57633 | Vaults:3 | Identified the +0 ring mail of Plasticity {Str+3}
 58123 | Vaults:4 | Identified the +5 ring mail of Okawaru {rElec Int+2 SInv}
 59687 | Vaults:5 | Entered Level 5 of the Vaults
 59986 | Orc:2    | Bought a translucent ring mail for 171 gold pieces
 59986 | Orc:2    | Identified the +0 ring mail of Purpose {rElec Slay+2} (You
                  | bought it in a shop on level 2 of the Orcish Mines)
 60497 | Depths:1 | Found a portal to a secret trove of treasure.
 61379 | Depths:1 | Found a runed translucent door.
 61602 | Depths:2 | Found Etogebua's Armour Shoppe.
 61615 | Depths:2 | Learned a level 2 spell: Blink
 61699 | Depths:2 | Found a one-way gateway to a ziggurat.
 61765 | Depths:2 | Found a basalt altar of Yredelemnul.
 61836 | Depths:2 | Found a one-way gate leading to the halls of Pandemonium.
 61989 | Depths:2 | Noticed a dread lich
 61990 | Depths:2 | Found a radiant altar of Vehumet.
 61994 | Depths:2 | Found a transporter.
 61995 | Depths:2 | Found the +3 pair of seven-league boots {Rampage+∞}
 62127 | Depths:2 | Identified the ring "Eweg" {Fly Str+6 Int+3}
 62283 | Depths:2 | Reached skill level 15 in Maces & Flails
 62349 | Depths:2 | Found a one-way gate to the infinite horrors of the Abyss.
 62727 | Depths:3 | Reached XP level 21. HP: 119/165 MP: 4/35
 62965 | Depths:3 | Identified the +7 scimitar of the Lame Duck {pain, Fragile
                  | rPois MP+9 Int-5 Stlth+}
 62966 | Depths:3 | Identified the amulet of Brawling {rElec rC+ Regen+ Dex-3}
 63863 | Depths:3 | Got the Folio of Tropical Elsewhere
 63869 | Depths:3 | Identified the +3 cloak "Weosk" {Stlth+}
 64654 | Depths:3 | Found a stormy altar of Qazlal.
 64798 | Depths:4 | Entered Level 4 of the Depths
 64810 | Depths:4 | Found Wubog's Armour Shop.
 64812 | Depths:4 | Found Pobeg's General Store.
 64820 | Depths:4 | Found Foanokh's Antique Armour Shop.
 64874 | Depths:4 | Noticed a golden dragon
 64897 | Depths:4 | Killed a golden dragon
 65225 | Depths:2 | Killed a dread lich
 65270 | Depths:2 | Found a transporter.
 65271 | Depths:2 | Identified the +2 ice dragon scales "Dota" {rElec rF- rC++
                  | Will+ Int+4}
 65584 | Hell     | Entered the Vestibule of Hell
 65584 | Hell     | Noticed Geryon
 65782 | Depths:4 | Found a gate to the Realm of Zot.
 65782 | Depths:4 | Noticed a golden dragon
 65790 | Depths:4 | Killed a golden dragon
 66038 | Depths:4 | Noticed a golden dragon
 66043 | Depths:4 | Killed a golden dragon
 67268 | Elf:1    | Reached XP level 22. HP: 171/172 MP: 36/36
 68674 | Elf:2    | Reached skill level 1 in Air Magic
 68720 | Elf:2    | Paralysed by an air elemental for 1 turns
 69275 | Elf:2    | Found a runed translucent gate.
 69275 | Elf:2    | Found a runed translucent gate.
 69275 | Elf:2    | Found a runed translucent gate.
 69415 | Elf:2    | Reached skill level 5 in Air Magic
 69990 | Elf:3    | Entered Level 3 of the Elven Halls
 70009 | Elf:3    | Learned a level 5 spell: Borgnjor's Vile Clutch
 70016 | Elf:3    | Learned a level 6 spell: Plasma Beam
 70763 | Elf:3    | Identified the +1 hand axe of Viaj {freeze, Will+ Str+2
                  | SInv}
 70767 | Elf:3    | Identified the ring of Vorghest {Will+ MP+9 Str+6}
 70810 | Elf:3    | Reached skill level 10 in Air Magic
 70940 | Elf:3    | Noticed Mara
 70953 | Elf:3    | Noticed greedy's illusion
 70968 | Elf:3    | Killed Mara
 71106 | Elf:3    | Identified the +1 hand axe of the Postmodern Spines
                  | {freeze, rC+ Int+3 Dex+2}
 71134 | Elf:3    | Identified the ring of Olih {Fire rCorr}
 71290 | Elf:3    | Got Ykok's Atlas of Obstruction and the Geodesic
 71357 | Elf:3    | Identified the +7 plate armour of Time Monsters {rF+ Will+}
 71818 | Crypt:1  | Entered Level 1 of the Crypt
 71883 | Crypt:1  | Noticed Mennas
 72196 | Vaults:5 | Gained mutation: When hurt, damage is shared between your
                  | health and your magic reserves. [demonic ancestry]
 72196 | Vaults:5 | Reached XP level 23. HP: 170/179 MP: 32/37
 72527 | Vaults:2 | Killed Mennas
 73861 | Vaults:5 | Identified the amulet "Ozemu Tinke" {Spirit +Blink rC+}
 74035 | Vaults:5 | Got a silver rune of Zot
 74044 | Vaults:5 | Identified the ring of Guys {Ice rPois Will+}
 74045 | Vaults:5 | Identified the ring "Ypuecoug" {Str+6 Dex+2}
 74295 | Vaults:5 | Found the +3 pair of mountain boots {steadfast, rC+}
 74315 | Vaults:5 | Got the Annotations on Assistive Immolation
 74364 | Vaults:5 | Identified the +5 quarterstaff of Honour {speed, Contam
                  | rElec rCorr Stlth+}
 74396 | Vaults:5 | Reached skill level 10 in Armour
 74728 | Vaults:5 | Reached skill level 10 in Fire Magic
 75155 | Vaults:5 | Noticed a dread lich
 75174 | Vaults:5 | Killed a dread lich
 76150 | Crypt:1  | Reached skill level 1 in Necromancy
 76156 | Crypt:1  | Reached skill level 1 in Earth Magic
 76495 | Crypt:1  | Found an ancient bone altar of Kikubaaqudgha.
 76944 | Crypt:2  | Gained mutation: You have hooves in place of feet. [demonic
                  | ancestry]
 76944 | Crypt:2  | Reached XP level 24. HP: 185/185 MP: 37/37
 76989 | Crypt:2  | Identified the +2 robe of the Tundras {+Blink}
 77871 | Crypt:2  | Found a hide-covered altar of Uskayaw.
 77945 | Crypt:3  | Entered Level 3 of the Crypt
 78566 | Crypt:3  | Reached skill level 5 in Necromancy
 78812 | Crypt:3  | Found the +3 giant club "Skullcrusher" {speed, Str+7}
 79136 | Crypt:3  | Found a staircase to the Tomb.
 79472 | Crypt:3  | Noticed Saint Roka
 79475 | Crypt:3  | Killed Saint Roka
 80168 | Crypt:3  | Noticed a royal mummy
 80174 | Crypt:3  | Killed a royal mummy
 80544 | Crypt:3  | Found the +9 sword of Zonguldrok {reap}
 80554 | Crypt:3  | Got the Parchment of Frigorific Sciomancy
 80570 | Crypt:3  | Got the Incunable of Percussion and Flame
 80596 | Crypt:3  | Identified the staff of poison "Doz Huro" {Fly rPois rF-
                  | rCorr Str+3}
 81400 | Slime:1  | Entered Level 1 of the Pits of Slime
 81581 | Slime:1  | Reached skill level 5 in Earth Magic
 81869 | Slime:1  | Found a viscous altar of Jiyva.
 82774 | Slime:3  | Paralysed by a floating eye for 4 turns
 82800 | Slime:3  | Gained mutation: You are very dopey. (Int -4) [a shining
                  | eye]
 82802 | Slime:3  | Gained mutation: Your flesh is heat resistant. (rF+) [a
                  | shining eye]
 82807 | Slime:3  | Gained mutation: You are occasionally teleported next to
                  | monsters. [a shining eye]
 82879 | Slime:3  | Lost mutation: Your movements are slightly less encumbered
                  | by armour. (ER -2) [potion of mutation]
 82879 | Slime:3  | Lost mutation: You are occasionally teleported next to
                  | monsters. [potion of mutation]
 82880 | Slime:3  | Lost mutation: You are very dopey. (Int -4) [potion of
                  | mutation]
 82880 | Slime:3  | Lost mutation: Your flesh is heat resistant. (rF+) [potion
                  | of mutation]
 82880 | Slime:3  | Lost mutation: You are dopey. (Int -2) [potion of mutation]
 82880 | Slime:3  | Gained mutation: You occasionally lose the ability to read
                  | scrolls when taking damage. [potion of mutation]
 82880 | Slime:3  | Gained mutation: Your movements are slightly less
                  | encumbered by armour. (ER -2) [potion of mutation]
 83134 | Slime:5  | Entered Level 5 of the Pits of Slime
 83983 | Slime:4  | Gained mutation: You are very robust. (+20% HP) [demonic
                  | ancestry]
 83983 | Slime:4  | Reached XP level 25. HP: 181/211 MP: 18/37
 84139 | Slime:5  | Found a viscous altar of Jiyva.
 84328 | Slime:5  | Noticed the Royal Jelly
 84335 | Slime:5  | Killed the Royal Jelly
 84711 | Slime:5  | Identified the +5 quick blade of Qeduh {flame, *Rage rF-
                  | MP+9 Int+3}
 84713 | Slime:5  | Identified the +8 scimitar of Fortitude {venom, rC+ Int+5
                  | Dex-5}
 84755 | Slime:5  | Got a slimy rune of Zot
 84766 | Slime:5  | Identified the +6 sling of Arhyt {heavy, rPois rC+ Will-}
 84784 | Slime:5  | Identified the ring of Fedhas's Respect {+Blink rCorr
                  | Str+6}
 84814 | Slime:5  | Identified the +6 short sword of the Thirteen Portals
                  | {holy, rF++ Int+3 Dex+2}
 84853 | Slime:5  | Identified the staff of cold "Laqoez" {rC+ Str+3 Int+2}
 84864 | Slime:5  | Identified the +6 spear of Ludiherch {flame, rC+ Str+2}
 85553 | Zot:1    | Entered Level 1 of the Realm of Zot
 85560 | Zot:1    | Reached skill level 10 in Fighting
 85994 | Depths:3 | Voluntarily entered the Abyss.
 86119 | Abyss:3  | Found a corrupted altar of Lugonu.
 86127 | Abyss:3  | Found a corrupted altar of Lugonu.
 86127 | Abyss:3  | Found a corrupted altar of Lugonu.
 86441 | Abyss:3  | Found a corrupted altar of Lugonu.
 86581 | Abyss:3  | Noticed a juggernaut
 86591 | Abyss:3  | Got an abyssal rune of Zot
 86597 | Abyss:3  | Killed a juggernaut
 86637 | Depths:3 | Escaped the Abyss
 87042 | Zot:1    | Identified the +7 whip of Pueheh {freeze, rF- Str+4 Dex+5}
 87144 | Zot:1    | Identified the +0 robe of Pokkukh {Slay+2}
 87339 | Zot:1    | Identified the +1 scale mail of Limited Liability {rPois
                  | rC+ rN+ rCorr}
 88282 | Zot:2    | Reached skill level 15 in Stealth
 88494 | Depths:1 | You paid a toll of 7 scrolls of blinking to enter a
                  | treasure trove
 88495 | Trove    | Entered a treasure trove
 88503 | Trove    | Identified the ring of Jodiluyh {rF+ rC+}
 88505 | Trove    | Identified the ring of Mialouq {rF+ Dex+3}
 88508 | Trove    | Identified the amulet "Ludiss" {Acrobat +Inv rN+ MP+9
                  | Stlth-}
 88510 | Trove    | Identified the amulet "Piqi Nua" {Spirit Will+ Slay+3}
 88511 | Trove    | Identified the ring "Xiuriad" {Fly Will+}
 88514 | Trove    | Identified the ring "Wogguipn" {Wiz rN+ Will+ SInv}
 88520 | Trove    | Identified the ring of Vuruil {rPois rC+++ Will+ rCorr
                  | Str-5}
 89002 | Zot:2    | Noticed an orb of fire
 89009 | Zot:2    | Killed an orb of fire
 89555 | Zot:2    | You fall into a shaft and drop 2 floors!
 89979 | Zot:3    | Noticed a Killer Klown
 89996 | Zot:3    | Killed a Killer Klown
 90003 | Zot:4    | Noticed a Killer Klown
 90050 | Zot:3    | Gained mutation: When low on magic, you restore magic in
                  | place of health. [demonic ancestry]
 90050 | Zot:3    | Reached XP level 26. HP: 154/225 MP: 7/38
 90646 | Zot:2    | Reached skill level 10 in Evocations
 94007 | Zot:4    | Noticed Parghit
 94029 | Zot:4    | Killed Parghit
 94281 | Zot:4    | Identified the ring "Ycrecwi" {rElec rPois Dex+3 SInv}
 94508 | Abyss:4  | Cast into level 4 of the Abyss (Killer Klown)
 94521 | Abyss:4  | Found a corrupted altar of Lugonu.
 94571 | Zot:4    | Escaped the Abyss
 94814 | Zot:5    | Entered Level 5 of the Realm of Zot
 95596 | Zot:5    | Noticed an orb of fire
 95603 | Zot:5    | Noticed an ancient lich
 95605 | Zot:5    | Killed an orb of fire
 95778 | Zot:5    | Lost mutation: You occasionally lose the ability to read
                  | scrolls when taking damage. [potion of mutation]
 95778 | Zot:5    | Lost mutation: Your movements are slightly less encumbered
                  | by armour. (ER -2) [potion of mutation]
 95778 | Zot:5    | Gained mutation: Potions are less effective at restoring
                  | your health. [potion of mutation]
 95778 | Zot:5    | Gained mutation: You are vulnerable to cold. (rC-) [potion
                  | of mutation]
 95778 | Zot:5    | Gained mutation: You are covered in fur. (AC +1) [potion of
                  | mutation]
 95779 | Zot:5    | Lost mutation: Potions are less effective at restoring your
                  | health. [potion of mutation]
 95779 | Zot:5    | Lost mutation: You are vulnerable to cold. (rC-) [potion of
                  | mutation]
 95779 | Zot:5    | Lost mutation: You are covered in fur. (AC +1) [potion of
                  | mutation]
 95779 | Zot:5    | Gained mutation: Your body sometimes deteriorates upon
                  | taking damage. [potion of mutation]
 95779 | Zot:5    | Gained mutation: Your body often deteriorates upon taking
                  | damage. [potion of mutation]
 95780 | Zot:5    | Lost mutation: Your body often deteriorates upon taking
                  | damage. [potion of mutation]
 95780 | Zot:5    | Lost mutation: Your body sometimes deteriorates upon taking
                  | damage. [potion of mutation]
 95780 | Zot:5    | Gained mutation: Your magical capacity is low. (-10% MP)
                  | [potion of mutation]
 95780 | Zot:5    | Gained mutation: Your spells are a little easier to cast,
                  | but a little less powerful. [potion of mutation]
 95781 | Zot:5    | Lost mutation: Your magical capacity is low. (-10% MP)
                  | [potion of mutation]
 95781 | Zot:5    | Lost mutation: Your spells are a little easier to cast, but
                  | a little less powerful. [potion of mutation]
 95781 | Zot:5    | Gained mutation: You are dopey. (Int -2) [potion of
                  | mutation]
 95782 | Zot:5    | Lost mutation: You are dopey. (Int -2) [potion of mutation]
 95782 | Zot:5    | Gained mutation: Your spells are a little harder to cast,
                  | but a little more powerful. [potion of mutation]
 95782 | Zot:5    | Gained mutation: You have a pair of small horns on your
                  | head. [potion of mutation]
 96006 | Zot:5    | Killed an ancient lich
 96031 | Zot:5    | Noticed an orb of fire
 96686 | Zot:5    | Noticed an orb of fire
 96690 | Zot:5    | Killed an orb of fire
 97113 | Zot:5    | HP: 7/229 [Orb Guardian (27)]
 97578 | Zot:5    | Reached skill level 10 in Necromancy
 97578 | Zot:5    | Gained mutation: You are extremely robust. (+30% HP)
                  | [demonic ancestry]
 97578 | Zot:5    | Reached XP level 27. HP: 229/256 MP: 10/39
 97971 | Pan      | Entered Pandemonium
 98005 | Pan      | Noticed Mocoheth the pandemonium lord
 98013 | Pan      | Killed Mocoheth the pandemonium lord
 98054 | Pan      | Gained mutation: You sometimes lose your temper in combat.
                  | [a neqoxec]
 98728 | Pan      | Lost mutation: You sometimes lose your temper in combat.
                  | [potion of mutation]
 98728 | Pan      | Lost mutation: Your spells are a little harder to cast, but
                  | a little more powerful. [potion of mutation]
 98728 | Pan      | Gained mutation: A frigid envelope surrounds you and
                  | freezes all who hurt you. [potion of mutation]
 98728 | Pan      | Gained mutation: You have supernaturally acute eyesight.
                  | (SInv) [potion of mutation]
 98728 | Pan      | Gained mutation: You expend magic power (3 MP) to
                  | strengthen your wands. [potion of mutation]
 99668 | Pan      | Identified the +5 scale mail of the Shining Light {rN+}
102571 | Pan      | Noticed Ignacio
102574 | Pan      | Killed Ignacio
103053 | Pan      | Noticed Ezol the pandemonium lord
103081 | Pan      | Killed Ezol the pandemonium lord
103183 | Pan      | Entered the realm of Cerebov.
104150 | Pan      | Found the +6 sword of Cerebov {flame}
104150 | Pan      | Noticed Cerebov
104151 | Pan      | Killed Cerebov
104458 | Pan      | Got the Vademecum on the Lungs and Hexes
104459 | Pan      | Identified the staff of earth "Houdonur" {Drain Str+4 SInv
                  | Stlth+}
104460 | Pan      | Identified the +2 shortbow "Lujaxyd" {speed, rElec}
104518 | Pan      | Identified the ring "Piecaj" {+Blink rF+ rC+}
104534 | Pan      | Identified the +5 rapier "Grim" {elec, rC+ Int+3}
104538 | Pan      | Got a fiery rune of Zot
104540 | Pan      | Identified the +3 plate armour "Umirph" {rPois Will+++
                  | Int-5 Stlth+}
104623 | Pan      | Entered the realm of Lom Lobon.
105211 | Pan      | Noticed Lom Lobon
105423 | Pan      | Killed Lom Lobon
105558 | Pan      | Got a magical rune of Zot
106905 | Pan      | Found a runed translucent door.
107023 | Pan      | Found a runed translucent door.
107023 | Pan      | Identified the +3 long sword of the Feeding Seeker {freeze,
                  | Str+2}
107077 | Pan      | Found a runed translucent door.
107080 | Pan      | Found a runed translucent door.
107080 | Pan      | Noticed Sawkat the pandemonium lord
107117 | Pan      | Killed Sawkat the pandemonium lord
107336 | Pan      | Noticed Apapnin the pandemonium lord
107607 | Pan      | Killed Apapnin the pandemonium lord
108657 | Pan      | Noticed Qyfuud the pandemonium lord
108667 | Pan      | Killed Qyfuud the pandemonium lord
109222 | Pan      | Found a transporter.
110278 | Pan      | Found a transporter.
110410 | Pan      | Reached skill level 15 in Spellcasting
110811 | Pan      | Identified the +9 morningstar of Bankruptcy {heavy, +Blink
                  | Int+2 Dex+3}
110826 | Pan      | Identified the ring "Virhy" {rCorr Int+4 Stlth+}
110829 | Pan      | Identified the +2 hat of Buretwus {SInv}
110840 | Pan      | Identified the +1 arbalest of Vionado {drain, rPois rF-
                  | Int+6}
111306 | Pan      | Noticed Plog the pandemonium lord
111317 | Pan      | Killed Plog the pandemonium lord
112173 | Pan      | Entered the realm of Mnoleg.
112173 | Pan      | Noticed Mnoleg
112196 | Pan      | Gained mutation: Armour fits poorly on your strangely
                  | shaped body. [Mnoleg's mutagenic touch]
112204 | Pan      | Killed Mnoleg
112205 | Pan      | Reached skill level 15 in Evocations
112370 | Pan      | Gained mutation: You do not regenerate when monsters are
                  | visible. [a neqoxec]
112491 | Pan      | Gained mutation: Your body sometimes deteriorates upon
                  | taking damage. [a neqoxec]
113210 | Pan      | Got a glowing rune of Zot
113346 | Pan      | Lost mutation: Armour fits poorly on your strangely shaped
                  | body. [potion of mutation]
113346 | Pan      | Lost mutation: A frigid envelope surrounds you and freezes
                  | all who hurt you. [potion of mutation]
113347 | Pan      | Lost mutation: You have a pair of small horns on your head.
                  | [potion of mutation]
113347 | Pan      | Lost mutation: You do not regenerate when monsters are
                  | visible. [potion of mutation]
113347 | Pan      | Gained mutation: You are agile. (Dex +4, Str/Int -1)
                  | [potion of mutation]
113347 | Pan      | Gained mutation: You have a beak for a mouth. [potion of
                  | mutation]
116609 | Pan      | Reached skill level 15 in Dodging
116898 | Pan      | Identified the +8 tower shield of Filth {rElec rPois Int-3}
117218 | Pan      | Noticed a seraph
117223 | Pan      | Killed a seraph
117564 | Pan      | Got a demonic rune of Zot
117573 | Pan      | Identified the +1 quarterstaff "Fukiz" {spect, Fly rElec
                  | Dex-5 SInv}
117575 | Pan      | Identified the staff of cold "Heuhea" {Fly rPois rC+ Int-2
                  | Dex+3}
118694 | Pan      | Noticed Plog the pandemonium lord
118710 | Pan      | Killed Plog the pandemonium lord
118941 | Pan      | Identified the +7 arbalest of the Throat {freeze, Dex+2
                  | Stlth+}
119502 | Pan      | Entered the realm of Gloorx Vloq.
119640 | Pan      | Found an exit through the horrors of the Abyss.
120968 | Pan      | Noticed Gloorx Vloq
121728 | Pan      | Killed Gloorx Vloq
121729 | Pan      | Reached skill level 15 in Air Magic
121753 | Pan      | Got a dark rune of Zot
121947 | Pan      | Found an exit through the horrors of the Abyss.
122078 | Pan      | Noticed Secval the pandemonium lord
122088 | Pan      | Killed Secval the pandemonium lord
122598 | Pan      | Took an exit into the Abyss.
122598 | Abyss:4  | Escaped into the Abyss
122624 | Abyss:4  | Found a burning altar of Makhleb.
122652 | Depths:2 | Escaped the Abyss
125327 | Zot:5    | Got the Orb of Zot
125650 | D:8      | Noticed Rooxkaj the pandemonium lord
125659 | D:8      | Killed Rooxkaj the pandemonium lord
125773 | D:$      | Escaped with the Orb!

Illustrated notes

Levels and vault maps discovered:
D:1:      onia_arrival_pyramid, layout_loops_cross
D:2:      layout_rooms, ebering_ecumenical_altar_petrified,
          dilly_guarded_unrand_morg, uniq_natasha
D:3:      layout_loops_corners, uniq_jessica
D:4:      layout_loops_ring, minmay_overflow_temple_star_quad, uniq_sigmund,
          uniq_crazy_yiuf_cottage
D:5:      layout_basic, lemuel_doored_altar, nicolae_elyvilon_peaceful_grove,
          minmay_temple_entry_statues_fountains, uniq_duvessa
D:6:      layout_cave_pools
D:7:      layout_loops_corners, lightli_temple_of_fire,
          ebering_ghost_rock_garden, uniq_prince_ribbit1
D:8:      layout_loops_cross, enter_bailey_3, minmay_misc_feat_alley, uniq_pikel
D:9:      layout_loops_ring, trog_wizard, zin_treasury, orc_0_dummy,
          uniq_gastronok, uniq_maurice, uniq_grum, uniq_maggie
D:10:     layout_basic, serial_corexii_hall, corexii_hall_statues_s,
          chequers_hall_statues_wall_a, uniq_snorg, uniq_josephine, uniq_psyche
D:11:     layout_loops_ring, erik_lair_dragon, uniq_sonja, uniq_harold
D:12:     minmay_the_grid_triangle_9x9_recursive_2
          [minmay_the_grid_triangle_9x9_prize_center,
          minmay_the_grid_triangle_9x9_stretched_checkered,
          minmay_the_grid_triangle_9x9_minimal,
          minmay_the_grid_triangle_9x9_steps], layout_rooms, uniq_erolcha
D:13:     layout_long_grid, grunt_vaults_entry_fortified, ashenzari_altar_1
D:14:     mludivico_vault, layout_irregular_city, glass_columns_b
D:15:     hangedman_depths_entry_civil_slaughter, layout_grid_maze,
          portal_ice_cave_entry_pillars_three, gauntlet_entry_generic,
          hangedman_decor_diamond_cutter
Temple:   eino_narrow_crystal_temple
Lair:1:   layout_small_grid, serial_bayou_shore_b
Lair:2:   layout_loops_ring, minmay_shoals_entry_hut, spider_nest_entry_rubble,
          chequers_serial_rivers_room_a, grunt_megastairs_1, lemuel_fruit_tree
Lair:3:   layout_misc_corridors, grunt_megastairs_4
Lair:4:   layout_small_grid, slime_entry_1, nzn_sisyphean_effort
Lair:5:   minmay_lair_end_frog_pond, layout_cave_shapes, serial_bayou_crossing
Shoals:1: layout_shoals
Shoals:2: layout_shoals, nicolae_shoals_water_shrine, uniq_polyphemus,
          uniq_frances
Shoals:3: layout_shoals
Shoals:4: shoals_end_hellmonk_storm_palace [storm_palace_center_circular,
          storm_palace_corner_pillars, storm_palace_corner_pillars,
          storm_palace_corner_grid, storm_palace_corner_blocked]
Spider:1: layout_spider_delve
Spider:2: layout_spider_delve, guppyfry_hornet_nest
Spider:3: layout_spider_delve, spiders_nest_hornet_nest, uniq_roxanne
Spider:4: grunt_spider_rune_parallel, hellmonk_ghost_happy_afterlife,
          uniq_arachne, uniq_mlioglotl
Slime:1:  layout_caves, special_room [special_room_jelly], basic_altar
Slime:2:  layout_caves
Slime:3:  layout_caves, nicolae_slime_round_cave
Slime:4:  layout_caves
Slime:5
Orc:1:    layout_diamond_mine
Orc:2:    st_orc_congregation, layout_diamond_mine, basic_altar,
          nicolae_orc_lava_room
Elf:1:    eino_elf_arrival_customs, layout_geoelf_diagonals, evilmike_minifort,
          hangedman_decor_cross_pass
Elf:2:    elven_hall_of_blades_hangedman_original [mumra_blade_entry_dagger],
          layout_onion_city, nicolae_concentric_dashed_squares_wild,
          nicolae_elf_deep_friendship
Elf:3:    minmay_elf_hall_not_hex, layout_geoelf_grid, uniq_mara
Vaults:1: gammafunk_its_a_trap, hangedman_vaults_pinch,
          nicolae_vaults_double_plus_1, layout_vaults_maze_bifur
Vaults:2: v_rooms_1, nicolae_vaults_sightless_eye, vaults_room_fancy_cross,
          ontoclasm_vaults_decontamination, nicolae_vaults_door_testing_chamber,
          nicolae_vaults_closet_pinwheel_6, nicolae_vaults_shelves_hall,
          layout_vaults_quadrants, minmay_crypt_entry_necro_gods, uniq_donald
Vaults:3: v_misc_26, ontoclasm_vaults_gateway,
          nicolae_vaults_antechamber_and_loot_room, nicolae_vaults_arrows,
          vaults_room_grid, hangedman_vaults_stream,
          nicolae_vaults_sealed_display, v_misc_8, nicolae_vaults_six-pack,
          hangedman_vaults_trim, vaults_room_stairs_pillars,
          nicolae_vaults_specimen_jars, vaults_room_pool,
          nicolae_vaults_diamond_2, layout_vaults_omnicross
Vaults:4: nicolae_vaults_what_the_h, hangedman_vaults_slither,
          hangedman_vaults_stitches, v_rooms_5,
          nicolae_vaults_shrinking_rooms_1, dpeg_vaults_monster_box,
          nicolae_vaults_diamond_2, ontoclasm_vaults_ring_small,
          vaults_room_ringed_pool, v_misc_23, vaults_room_door_ring,
          layout_vaults_ring
Vaults:5: serial_shops
Crypt:1:  layout_gridlike, nicolae_crypt_little_mausoleum, uniq_mennas
Crypt:2:  layout_rooms, nicolae_danse_macabre
Crypt:3:  due_elkab, layout_chaotic_city, nicolae_tomb_entry_rubble_hallway,
          minmay_guarded_unrand_skullcrusher, uniq_saint_roka
Depths:1: layout_basic, hell_entry, nrook_pool_corridor, enter_trove_3,
          grunt_ministairs_3, minmay_crystal_box
Depths:2: gammafunk_sealed_library, layout_basic, enter_ziggurat_a,
          hangedman_abyss_entry_splay, serial_shops, nicolae_stop_n_shop_2,
          pf_hell_entry_tar_spiral, yredelemnul_altar_generic, pan_entry
Depths:3: grunt_x_marks_the_spot, layout_cave_pools, hell_entry,
          nicolae_qazlal_scattered_showers, abyss_entry, grunt_ministairs_4,
          nicolae_titane, serial_bayou_shore_a
Depths:4: grunt_zot_entry_funnels, layout_twisted_cross, abyss_entry,
          grunt_mini_vestibule, minmay_shop_star
Hell
Zot:1:    layout_basic
Zot:2:    kennysheep_blocky_hall, layout_cathedral_of_symmetry
Zot:3:    circus_mu, layout_onion_interference
Zot:4:    layout_cathedral_of_symmetry, uniq_parghit
Zot:5:    layout_basic, nrook_zot_tub

Skill      XL: |  1  2  3  4  5  6  7  8  9 10 11 12 13 14 15 16 17 18 19 20 21 22 23 24 25 26 27 |
---------------+----------------------------------------------------------------------------------+-----
Evocations     | 4 5 6 8 9 11 15 | 15.3
Short Blades   | 3 5 7 9 10 12 | 12.0
Dodging        | 1 3 4 6 8 10 11 12 13 14 15 | 15.5
Stealth        | 1 2 5 6 8 10 11 12 13 14 15 16 | 16.0
Invocations    | 1 6 9 10 11 13 15 17 20 21 25 | 25.1
Translocations | 4 6 7 8 10 11 | 11.5
Spellcasting   | 1 5 6 7 10 11 12 15 | 15.2
Fighting       | 3 5 7 8 9 11 12 14 | 14.0
Armour         | 2 5 7 10 12 13 14 | 14.1
Conjurations   | 7 |  7.7
Fire Magic     | 7 10 11 14 | 14.1
Summonings     | 8 |  8.0
Ice Magic      | 5 6 7 |  7.5
Maces & Flails | 10 15 19 20 25 | 25.0
Air Magic      | 11 13 15 | 15.6
Necromancy     | 2 7 8 10 | 10.8
Earth Magic    | 1 6 7 8 9 |  9.0

Action                     |  1- 3 |  4- 6 |  7- 9 | 10-12 | 13-15 | 16-18 | 19-21 | 22-24 | 25-27 || total
---------------------------+-------+-------+-------+-------+-------+-------+-------+-------+-------++-------
  Melee: Club              |    21 |       |       |       |       |       |       |       |       ||    21
         Quarterstaff      |    80 |       |       |       |       |       |       |       |       ||    80
         Short sword       |    10 |   264 |       |   438 |  1809 |   673 |    45 |       |       ||  3239
         Dagger            |       |    71 |   496 |   330 |       |       |       |       |       ||   897
         Punch             |       |     3 |    15 |    16 |    31 |    32 |    15 |       |     8 ||   120
         Headbutt          |       |       |    13 |       |       |       |     6 |       |   366 ||   385
         Kick              |       |       |     9 |       |       |       |    10 |   147 |  1149 ||  1315
         Knife             |       |       |       |       |       |  1029 |   488 |    83 |   324 ||  1924
         Great mace        |       |       |       |       |       |       |   511 |  1600 |  3510 ||  5621
         Unarmed           |       |       |       |       |       |       |       |       |     1 ||     1
         Peck              |       |       |       |       |       |       |       |       |   179 ||   179
  Throw: Javelin           |       |       |       |     4 |       |       |       |       |       ||     4
   Cast: Beastly Appendage |       |       |    12 |       |       |       |     1 |       |     2 ||    15
         Manifold Assault  |       |       |       |    13 |   193 |   163 |   136 |   387 |   808 ||  1700
         Sticky Flame      |       |       |       |       |       |    79 |    68 |     6 |     4 ||   157
         Flame Wave        |       |       |       |       |       |    38 |    52 |       |       ||    90
         Summon Ice Beast  |       |       |       |       |       |     5 |     3 |       |       ||     8
         Iskenderun's Myst |       |       |       |       |       |     5 |     2 |       |       ||     7
         Gell's Gravitas   |       |       |       |       |       |     3 |       |       |       ||     3
         Plasma Beam       |       |       |       |       |       |       |       |    16 |   287 ||   303
         Borgnjor's Vile C |       |       |       |       |       |       |       |       |    47 ||    47
         Blink             |       |       |       |       |       |       |       |       |     1 ||     1
 Invoke: Stomp             |       |       |     6 |    14 |    20 |    34 |    25 |     4 |    75 ||   178
         Line Pass         |       |       |     3 |    14 |    21 |    16 |    35 |     4 |    53 ||   146
         Grand Finale      |       |       |       |       |       |       |     2 |     3 |     6 ||    11
Ability: End Transformatio |       |       |       |       |       |       |       |       |     1 ||     1
  Evoke: Wand              |     2 |     1 |    19 |    35 |    17 |    41 |     4 |     3 |    49 ||   171
         Phial of floods   |       |       |       |       |       |     3 |       |       |     1 ||     4
    Use: Potion            |     2 |       |       |     5 |     3 |    11 |     5 |     5 |    30 ||    61
         Scroll            |       |       |     6 |     4 |    12 |    15 |     7 |     2 |    14 ||    60
   Stab: Sleeping          |       |     4 |     2 |    14 |    41 |    42 |    52 |    30 |    16 ||   201
         Distracted        |       |     2 |       |       |     6 |    22 |     9 |    21 |    77 ||   137
         Paralysed         |       |       |    13 |    40 |   151 |   216 |   149 |   128 |   230 ||   927
         Invisible         |       |       |       |    12 |     6 |     5 |     2 |     2 |    17 ||    44
         Confused          |       |       |       |     5 |    12 |    19 |    37 |     3 |    50 ||   126
 Armour: Leather armour    |    28 |       |    12 |   149 |   220 |   154 |       |       |       ||   563
         Robe              |    13 |    68 |    52 |       |       |       |       |       |       ||   133
         Ring mail         |       |       |    10 |       |       |       |    59 |       |       ||    69
         Acid dragon scale |       |       |       |       |       |   166 |    45 |       |       ||   211
         Ice dragon scales |       |       |       |       |       |       |    11 |   309 |  1006 ||  1326
  Dodge: Dodged            |    76 |   215 |   255 |   396 |   789 |  1564 |   731 |   563 |  1801 ||  6390
Riposte: Short sword       |       |       |       |       |    52 |    83 |     8 |       |       ||   143
         Knife             |       |       |       |       |       |   198 |   122 |    14 |    81 ||   415
         Great mace        |       |       |       |       |       |       |    31 |   102 |   257 ||   390
